 Dungeon Crawl Stone Soup version 0.23.1 (webtiles) character file.

Game seed: 1965767879801279109

238 night the Sneak (level 6, 0/36 HPs)
             Began as an Octopode Air Elementalist on Mar 14, 2019.
             Slain by a centaur skeleton (5 damage)
             ... on level 4 of the Dungeon.
             The game lasted 00:11:05 (3533 turns).

night the Sneak (Octopode Air Elementalist)         Turns: 3533, Time: 00:11:06

Health: 0/36       AC:  1    Str:  8    XL:     6   Next: 7%
Magic:  7/10       EV: 13    Int: 19    God:
Gold:   80         SH:  0    Dex: 12    Spells: 8/11 levels left

rFire    . . .     SeeInvis +   b - +1 morningstar (drain)
rCold    . . .     Gourm    .   (no shield)
rNeg     . . .     Faith    .   (helmet restricted)
rPois    .         Spirit   .   (no amulet)
rElec    .         Reflect  .   q - ring of see invisible
rCorr    .         Harm     .   (no ring)
MR       .....                  (no ring)
Stlth    ++++......             (no ring)
HPRegen  0.12/turn              (no ring)
MPRegen  0.12/turn              (no ring)
                                (no ring)
                                (no ring)

@: no status effects
A: almost no armour, stealthy swim, amphibious, 8 rings, constrict 8, camouflage
1, gelatinous body 1
a: no special abilities


You were on level 4 of the Dungeon.
You were not hungry.

You visited 1 branch of the dungeon, and saw 4 of its levels.

You collected 80 gold pieces.

Inventory:

Hand Weapons
 b - a +1 morningstar of draining (weapon)
Missiles
 j - 48 arrows
 n - a throwing net (quivered)
 t - 32 stones
Magical Staves
 a - an uncursed staff of conjuration
Jewellery
 q - a ring of see invisible (left tentacle)
 u - an uncursed ring of fire
Wands
 m - a wand of polymorph (12)
Scrolls
 c - a scroll of teleportation {unknown}
 f - a scroll of remove curse
 l - 2 scrolls of amnesia {unknown}
 o - a scroll of magic mapping {unknown}
 s - a scroll of blinking {unknown}
Potions
 d - a potion of might
 g - a potion of curing {unknown}
 h - a potion of lignification {unknown}
 r - 2 potions of invisibility {unknown}
Comestibles
 e - 10 rations
 i - a chunk of flesh


   Skills:
 - Level 2.0 Dodging
 + Level 4.7 Stealth
 + Level 3.1 Spellcasting
 + Level 2.8 Conjurations
 * Level 4.4 Air Magic


You had 8 spell levels left.
You knew the following spells:

 Your Spells              Type           Power        Failure   Level  Hunger
a - Shock                 Conj/Air       ###.         3%          1    None
b - Swiftness             Chrm/Air       ##......     9%          2    ##.....

Your spell library contained the following spells:

 Spells                   Type           Power        Failure   Level  Hunger
 Static Discharge         Conj/Air       ###.....     10%         3    ###....
 Airstrike                Air            ###.......   24%         4    ####...
 Lightning Bolt           Conj/Air       ###.......   67%         5    ######.


Dungeon Overview and Level Annotations

Branches:
Dungeon (4/15)
 Temple: D:4-7

Altars:
Ashenzari

Shops:
D:4 (


Innate Abilities, Weirdness & Mutations

You cannot wear most types of armour.
You are very stealthy in the water. (Stealth+)
You are amphibious.
You can wear up to eight rings at the same time.
You can use your tentacles to constrict eight enemies at once.
Your skin changes colour to match your surroundings (Stealth+).
Your rubbery body absorbs attacks. (AC +1, EV +1)


Message History

Aim: a phantom (moderately damaged)
The zap hits the phantom.
The phantom is heavily damaged.
The centaur skeleton barely misses you. The centaur skeleton hits you.
The centaur skeleton hits you! The centaur skeleton hits you.
You hit the centaur skeleton.
The centaur skeleton is lightly damaged.
The centaur skeleton misses you.
You barely miss the phantom.
The phantom is heavily damaged.
The phantom hits you.
You closely miss the phantom.
The phantom is heavily damaged.
The phantom hits you!
* * * LOW HITPOINT WARNING * * *
The phantom blinks!
The centaur skeleton hits you.
You die...

......##'#..)#.#.###
#..#'##..#####.#.#..
#)##).#..'.)#..#.#.#
'..#..####..#..#.#.#
#..#### ####....#.#
#### ....P....#.#
.......#...#
............###
##.>.^...@Z...#
##.#######.#.# #.
#....#.#
###'####.####.#
#........# .#
#...?....# .#
.'..........# .#
.#........#.# .#
.'..........#


You could see a centaur skeleton.

Vanquished Creatures
  3 orc wizards (D:4)
  A hound (D:4)
  3 gnolls (D:4)
  An adder (D:2)
  2 worms
  3 dart slugs
  2 leopard geckos
  11 orcs
  5 hobgoblins
  2 jackals
  4 bats
  3 frilled lizards
  12 goblins
  8 kobolds
  5 rats
65 creatures vanquished.

Notes
Turn   | Place    | Note
-------+----------+-------------------------------------------
     0 | D:1      | night the Octopode Air Elementalist began the quest for the
                  | Orb.
     0 | D:1      | Reached XP level 1. HP: 11/11 MP: 3/3
   169 | D:2      | Reached XP level 2. HP: 14/17 MP: 5/5
   605 | D:2      | Found a shattered altar of Ashenzari.
   846 | D:2      | Reached XP level 3. HP: 21/21 MP: 2/6
   850 | D:2      | Noticed an ogre
  1063 | D:3      | Learned a level 2 spell: Swiftness
  1917 | D:4      | Reached XP level 4. HP: 27/27 MP: 5/7
  2942 | D:4      | Reached XP level 5. HP: 15/31 MP: 4/9
  3249 | D:4      | Reached XP level 6. HP: 15/36 MP: 8/10
  3450 | D:4      | Found Lool's Antique Weapon Boutique.
  3496 | D:4      | Noticed a phantom
  3533 | D:4      | Slain by a centaur skeleton

Skill      XL: |  1  2  3  4  5 |
---------------+----------------+-----
Stealth        | 3 4 |  4.7
Conjurations   | 2 |  2.8
Air Magic      | 4 |  4.4
Spellcasting   | 3 |  3.1
Dodging        | |  2.0

Action                   |  1- 3 |  4- 6 || total
-------------------------+-------+-------++-------
Melee: Unarmed           |    20 |       ||    20
       Constrict         |    10 |    15 ||    25
       Tentacles         |     5 |     9 ||    14
       Mace              |     9 |     6 ||    15
       Staff             |     4 |    11 ||    15
       Morningstar       |       |    39 ||    39
 Cast: Shock             |    64 |    39 ||   103
  Use: Scroll            |       |     2 ||     2
       Potion            |       |     2 ||     2
 Stab: Sleeping          |     1 |     6 ||     7
  Eat: Chunk             |     3 |     6 ||     9
Armor: Skin              |     9 |     6 ||    15
Dodge: Dodged            |    23 |    39 ||    62
